 Dungeon Crawl Stone Soup version 0.18.1-48-g4cf74bf (webtiles) character file.

89 Legadrian the Covert (level 4, 0/22 HPs)
             Began as a Spriggan Assassin on June 25, 2016.
             Succumbed to a worker ant's poison
             ... on level 4 of the Dungeon.
             The game lasted 00:08:53 (2059 turns).

Legadrian the Covert (Spriggan Assassin)            Turns: 2059, Time: 00:08:54

Health: 0/22       AC:  3    Str:  7    XL:     4   Next: 31%
Magic:  5/5        EV: 17    Int: 12    God:
Gold:   90         SH:  0    Dex: 18    Spells: 0 memorised, 3 levels left

rFire  . . .     SeeInvis +     a - +2 dagger
rCold  . . .     Gourm    .     c - +0 robe
rNeg   + . .     Faith    .     (shield restricted)
rPois  .         Spirit   .     (helmet restricted)
rElec  .         Dismiss  .     d - +0 cloak
rCorr  .         Reflect  .     (gloves unavailable)
SustAt .         Harm     .     (boots unavailable)
MR     .....                    (no amulet)
Stlth  ++++++....               s - ring of positive energy
                                i - ring of stealth

@: lethally poisoned (0 -> -11), very quick, not resistant to hostile
enchantments, very stealthy
A: unfitting armour, see invisible, herbivore 3, speed 3, slow metabolism 2
a: no special abilities


You were on level 4 of the Dungeon.
You were not hungry.

You visited 1 branch of the dungeon, and saw 3 of its levels.

You collected 90 gold pieces.

Inventory:

Hand Weapons
 a - a +2 dagger (weapon)
 b - a +0 blowgun
Missiles
 e - 28 poisoned needles
 f - 2 curare-tipped needles
 r - 64 stones (quivered)
Armour
 c - a +0 robe (worn)
 d - a +0 cloak (worn)
Jewellery
 i - a ring of stealth (left hand)
 s - a ring of positive energy (right hand)
 u - an uncursed ring of protection from fire
Scrolls
 h - 2 scrolls of enchant armour {unknown}
 j - 5 scrolls of identify {unknown}
 l - a scroll of fear {unknown}
 m - 3 scrolls of teleportation {unknown}
 n - a scroll of magic mapping {unknown}
 o - 3 scrolls of remove curse {unknown}
 p - a scroll of noise {unknown}
 t - a scroll of fog {unknown}
Potions
 q - a potion of cancellation {unknown}
 v - a potion of berserk rage {unknown}
Comestibles
 g - 4 bread rations
 k - a meat ration


   Skills:
 - Level 1.5 Fighting
 + Level 2.6 Short Blades
 - Level 2.0 Throwing
 - Level 1.5 Dodging
 * Level 8.6 Stealth


You had 3 spell levels left.
You didn't know any spells.

Dungeon Overview and Level Annotations

Branches:
Dungeon (2/15)

Altars:
Makhleb


Innate Abilities, Weirdness & Mutations

You are tiny and cannot use many weapons and most armour.
You have supernaturally acute eyesight.
You are a herbivore.
You cover ground extremely quickly.
You need consume almost no food.


Message History

You feel sick. The worker ant completely misses you.
You barely miss the worker ant.
The worker ant is lightly wounded.
You feel sick.
The worker ant bites you but does no damage.
You hit the worker ant.
The worker ant is moderately wounded.
You feel sick. The worker ant bites you.
* * * LOW HITPOINT WARNING * * *
You hit the worker ant but do no damage.
The worker ant is moderately wounded.
The worker ant closely misses you.
You hit the worker ant.
The worker ant is moderately wounded.
* * * LOW HITPOINT WARNING * * *
You feel sick. The worker ant bites you.
* * * LOW HITPOINT WARNING * * *
You hit the worker ant but do no damage.
The worker ant is moderately wounded.
You die...

#.......#.#######.
#.#
####..###........#
#.#
#.###...###.####..##
##.# #..[#......#
#..#
.........#.....#
####
..#.......####.#
.......#..# #.#
#.#....#..# #.##
..........# #.@#
#.#.......# ##.a.#
#.##.## #.# ###....
#####


You could see a worker ant.

Vanquished Creatures
  A worker ant (D:4)
  An adder (D:2)
  2 worms (D:2)
  A dart slug (D:2)
  3 giant geckos
  An orc (D:4)
  8 bats
  2 giant cockroaches (D:2)
  3 goblins
  5 hobgoblins
  2 jackals (D:2)
  A quokka (D:2)
  A ball python (D:1)
  2 giant newts
  2 kobolds
  11 rats
46 creatures vanquished.

Notes
Turn   | Place    | Note
--------------------------------------------------------------
     0 | D:1      | Legadrian the Spriggan Assassin began the quest for the Orb.
     0 | D:1      | Reached XP level 1. HP: 10/10 MP: 2/2
    31 | D:1      | Reached skill level 6 in Stealth
   351 | D:1      | Reached XP level 2. HP: 13/14 MP: 3/3
   552 | D:1      | Reached skill level 7 in Stealth
   947 | D:2      | Reached XP level 3. HP: 18/18 MP: 4/4
  1195 | D:2      | Found a burning altar of Makhleb.
  1199 | D:2      | Noticed a cacodemon
  1203 | D:2      | Noticed a neqoxec
  1203 | D:2      | Noticed a neqoxec
  1232 | D:2      | Reached skill level 8 in Stealth
  1782 | D:2      | You fall through a shaft for 2 floors!
  1863 | D:4      | Reached XP level 4. HP: 22/22 MP: 5/5
  2058 | D:4      | HP: 1/22 [worker ant (3)]
  2059 | D:4      | Succumbed to a worker ant's poison

Skill      XL: |  1  2  3 |
---------------+----------+-----
Stealth        | 6 7 8 |  8.6
Fighting       | |  1.5
Short Blades   | |  2.6
Throwing       | |  2.0
Dodging        | |  1.5

Action                   |  1- 3 |  4- 6 || total
-------------------------+-------+-------++-------
Melee: Dagger            |    78 |    31 ||   109
 Stab: Sleeping          |    34 |       ||    34
Armor: Robe              |     6 |     3 ||     9
Dodge: Dodged            |    24 |    16 ||    40
